Map: Ruins of Seras

Players

capac - Winner!

  • Race: Terran Terran
  • League: Gold

Mardug

  • Race: Zerg Zerg
  • League: Gold

VOD

Have the link to the VOD?

Description

Time

  • Played on: Feb. 16, 2016, 4:15 p.m.
  • Length: 40:15
Show
View Real Time Build Order
Export as new Build Order

capac Terran - Winner!

Build Orders: Liberator Opening, MMM Bio 

Get SALT Encoding   

  12  0:01  SCV  
  13  0:13  SCV  
  14  0:19  Supply Depot  
  14  0:25  SCV  
  15  0:41  SCV  
  15  0:42  Barracks  
  16  0:50  Refinery  
  16  0:53  SCV  
  17  1:05  SCV  
  18  1:17  SCV  
  19  1:29  SCV  
  19  1:30  Supply Depot, Marine  
  21  1:41  SCV  
  22  1:54  Factory, Orbital Command  
  22  2:04  Refinery  
  22  2:21  Command Center  
  22  2:29  Barracks Tech Lab  
  22  2:31  SCV  
  23  2:46  Starport  
  23  2:47  SCV  
  24  2:58  Barracks Reactor  
  24  2:59  SCV  
  25  3:06  Siege Tank  
  25  3:11  SCV  
  29  3:28  Liberator  
  29  3:34  Barracks  
  29  3:43  Marine x2  
  34  3:50  Barracks  
  34  3:51  SCV  
  34  4:17  Marine x2  
  35  4:26  Marine  
  35  4:35  Marine x2  
  37  4:47  Supply Depot, Barracks Tech Lab  
  37  4:54  Supply Depot  
  37  4:55  Supply Depot  
  37  4:58  Marine  
  38  5:08  Marine, Siege Tank, Medivac  
  38  5:11  Engineering Bay  
  44  5:20  Mag-Field Accelerator  
  44  5:29  Marine  
  44  5:30  Marine  
  44  5:32  Stimpack  
  44  5:33  Barracks Reactor  
  44  5:34  Bunker  
  46  5:37  Marine  
  47  5:49  SCV  
  48  5:53  Orbital Command  
  48  5:55  Marine  
  49  6:01  SCV  
  49  6:02  Starport Reactor  
  50  6:10  Siege Tank  
  53  6:12  Marine  
  53  6:13  Marine x2  
  56  6:22  SCV x2  
  58  6:55  SCV x2  
  58  7:00  Supply Depot  
  60  7:01  Supply Depot  
  60  7:02  Marine x2  
  60  7:04  Liberator  
  60  7:06  Liberator  
  62  7:13  Refinery  
  62  7:15  Refinery  
  62  7:21  Marine x5  
  62  7:22  Supply Depot  
  70  7:23  SCV x2  
  72  7:34  Supply Depot  
  72  7:35  SCV x2  
  72  7:36  Supply Depot, Combat Shields  
  74  7:39  Marine x4  
  74  7:43  Marine  
  79  7:46  Supply Depot  
  79  7:47  SCV x2  
  81  7:58  Marine x4  
  81  7:59  SCV x2  
  87  8:11  SCV  
  88  8:14  Siege Tank  
  88  8:16  Medivac x2  
  88  8:18  Marine x2  
  97  8:34  SCV  
  97  8:35  SCV  
  97  8:40  Marine x5  
  104  8:42  Supply Depot  
  104  8:45  Supply Depot  
  104  8:57  Marine  
  104  8:59  Marine x2, SCV x2  
  104  9:00  Marine  
  110  9:03  Marine  
  110  9:06  Supply Depot  
  110  9:09  Supply Depot  
  111  9:26  Marine x4  
  111  9:27  Marine  
  116  9:44  Marine x2  
  118  9:49  Marine x3  
  118  9:51  Medivac x2  
  118  9:52  Siege Tank  
  128  10:02  Marine  
  108  10:30  Marine x5  
  113  10:39  Medivac x2  
  113  10:42  Supply Depot  
  117  10:43  Supply Depot  
  117  10:47  Marine  
  117  10:48  Marine x4  
  117  10:49  Command Center  
  122  11:05  Marine x2  
  124  11:15  Marine x3  
  124  11:17  Siege Tank  
  130  11:23  Marine  
  131  11:42  Supply Depot  
  131  11:45  Starport  
  131  11:48  Starport  
  131  11:49  Barracks  
  131  11:55  Terran Infantry Weapons Level 1  
  131  11:56  Engineering Bay  
  131  11:58  Barracks, Armory  
  131  11:59  Marine x3  
  131  12:00  Marine x2  
  136  12:03  Liberator  
  136  12:05  Liberator  
  136  12:13  Supply Depot  
  136  12:17  Marine x2  
  136  12:19  Marine x3  
  147  12:27  Terran Infantry Armor Level 1  
  147  12:48  Liberator  
  147  12:49  Liberator  
  150  13:59  Marine x2  
  150  14:00  Marine x3  
  150  14:02  Liberator x2  
  152  14:03  Starport Tech Lab, Barracks Reactor  
  152  14:05  Starport Reactor  
  152  14:09  Orbital Command  
  152  14:11  Terran Infantry Weapons Level 2  
  152  14:17  Marine x2  
  124  15:02  Marine  
  124  15:03  Marine x4  
  129  15:30  Marine  
  129  15:31  Marine x4  
  129  15:35  Barracks Reactor  
  128  15:49  Raven  
  124  16:15  Siege Tank  
  114  16:31  Marine x2  
  114  16:32  Marine x7, Raven  
  125  16:45  Liberator x2  
  125  16:47  Siege Tank  
  125  16:49  Marine x3  
  125  16:50  Marine x6  
  137  17:07  Marine  
  137  17:08  Command Center  
  144  17:09  Command Center  
  144  17:19  Siege Tank  
  147  17:48  Liberator x2  
  147  17:51  Marine x6  
  153  18:02  Raven  
  161  18:25  Marine x6  
  161  18:26  Marine  
  161  18:45  Raven  
  158  18:56  SCV x2  
  142  19:34  Marine x5  
  142  19:35  Marine x4  
  145  20:02  Siege Tank  
  145  20:18  SCV x2  
  145  20:20  Refinery  
  143  20:21  Refinery  
  132  20:30  SCV  
  132  20:34  Siege Tank  
  136  20:42  Marine x3  
  136  20:43  Marine x5  
  144  21:06  Siege Tank  
  140  21:38  Liberator  
  127  21:53  Marine x2, Siege Tank  
  127  21:54  Marine x4  
  140  22:02  Refinery  
  140  22:03  Refinery  
  140  22:04  Orbital Command  
  139  22:21  Liberator  
  139  22:31  SCV  
  139  22:43  SCV  
  139  22:55  SCV  
  138  23:04  Marine x3  
  95  23:46  Marine x6  
  96  24:10  Marine x6  
  96  24:11  Marine x3  
  96  24:12  Medivac x2  
  79  24:46  Marine x4  
  79  24:47  Marine x5  
  79  24:49  Medivac x2  
  92  24:56  Siege Tank  
  95  25:04  Marine x2  
  86  25:28  Siege Tank  
  86  25:38  Orbital Command  
  86  26:58  Orbital Command  
  71  27:20  Liberator  
  71  27:21  Liberator x3  
  56  27:27  Marine x5  
  56  27:28  Marine x2  
  63  27:33  Marine  
  63  27:34  Marine  
  65  27:40  Siege Tank  
  80  27:45  Marine x6  
  80  27:46  Marine  
  87  27:51  Bunker, Marine x2  
  89  28:02  Marine  
  89  28:03  Marine x4  
  89  28:04  Marine  
  89  28:05  Marine  
  95  28:09  Marine x2  
  95  28:12  Siege Tank  
  99  28:14  Orbital Command  
  91  28:20  Marine x2  
  91  28:21  Marine x3  
  91  28:22  Marine  
  83  28:33  Marine x3  
  84  28:38  Marine x3  
  84  28:39  Marine x2  
  84  28:40  Marine  
  90  28:41  SCV  
  90  28:47  SCV x3  
  94  28:51  SCV  
  94  28:54  SCV  
  96  28:59  SCV x3  
  99  29:04  SCV  
  99  29:06  SCV  
  101  29:16  SCV  
  98  29:29  Marine x4  
  102  29:32  SCV  
  103  29:44  SCV  
  101  29:56  SCV  
  102  30:00  Marine  
  102  30:01  Marine x6  
  102  30:02  Marine x2  
  111  30:18  Marine x3, SCV x2  
  111  30:19  Marine x6, SCV x2  
  124  30:30  SCV x2  
  124  30:31  SCV x2  
  128  30:36  Marine x4  
  132  30:42  SCV  
  132  30:43  SCV x2  
  98  30:59  Marine x4  
  98  31:01  Marine  
  93  31:08  Medivac x2  
  93  31:09  Medivac x3  
  97  31:22  Marine x7  
  97  31:23  Marine x2  
  106  31:39  Marine x2  
  106  31:42  Marine x6  
  106  31:43  Marine  
  115  31:57  Marine  
  115  31:59  Marine x2  
  115  32:00  Marine x6  
  118  32:24  Marine x5  
  118  32:25  Marine x4  
  118  32:28  Medivac x3  
  133  33:04  Raven  
  135  33:47  Raven  
  137  33:49  Marine  
  137  33:50  Marine x6  
  137  33:51  Marine  
  139  34:11  Marine x2  
  139  34:12  Marine x6  
  139  34:13  Medivac x3  
  153  34:33  Marine x2  
  153  34:34  Marine x5  
  156  34:55  Marine x3  
  156  34:56  Marine x6  
  165  35:13  Marine  
  162  36:26  Orbital Command  
  152  37:09  Orbital Command  
  135  37:45  Liberator x4  
  135  37:47  SCV x4  
  139  37:59  SCV  
  145  38:36  Marine x2  
  145  38:37  Marine x5  
  140  39:40  Marine x4  
  140  39:41  Marine  
Show
View Real Time Build Order
Export as new Build Order

Mardug Zerg 

Build Orders: Pool First, Lurkers 

Get SALT Encoding   

  12  0:09  Drone  
  12  0:11  Drone  
  14  0:22  Overlord  
  14  0:37  Spawning Pool  
  14  0:41  Drone  
  14  0:45  Drone  
  15  1:15  Hatchery  
  15  1:16  Drone  
  15  1:21  Drone  
  15  1:25  Drone  
  17  1:36  Queen  
  19  1:41  Extractor  
  18  2:02  Zergling x6  
  21  2:16  Overlord  
  21  2:32  Queen, Baneling Nest  
  21  2:35  Zergling x4  
  21  2:36  Zergling x2  
  25  2:47  Drone x2  
  25  2:48  Zergling x2  
  25  2:50  Zergling x2  
  29  3:06  Metabolic Boost  
  29  3:15  Drone x3  
  32  3:24  Baneling x2  
  32  3:31  Baneling  
  32  3:35  Extractor  
  31  3:45  Baneling  
  31  3:50  Baneling  
  31  3:55  Zergling x10  
  36  3:57  Overlord  
  36  4:07  Baneling  
  35  4:20  Zergling x6  
  35  4:21  Zergling x4  
  40  4:29  Zergling x6  
  35  4:40  Queen  
  35  4:45  Spore Crawler  
  36  4:56  Spore Crawler  
  35  5:02  Drone x2  
  37  5:12  Spore Crawler  
  37  5:13  Drone  
  37  5:33  Drone x3  
  37  5:34  Drone x2  
  42  5:55  Extractor  
  41  5:57  Extractor, Drone x3  
  43  6:12  Overlord x2  
  43  6:14  Lair  
  43  6:18  Drone  
  44  6:30  Drone  
  46  6:32  Drone  
  46  6:33  Drone x2  
  46  6:35  Drone x2  
  48  7:04  Drone x5  
  48  7:05  Drone  
  51  7:30  Drone  
  51  7:31  Overlord x3  
  52  7:41  Evolution Chamber  
  52  7:43  Evolution Chamber, Drone x2  
  52  8:13  Drone x5  
  52  8:19  Zerg Missile Weapons Level 1  
  57  8:20  Zerg Ground Armor Level 1  
  56  8:29  Hydralisk Den  
  56  8:32  Overlord x2  
  55  8:34  Baneling  
  55  8:35  Baneling x6  
  55  8:43  Zergling x8  
  59  9:05  Baneling x4  
  59  9:06  Hydralisk  
  59  9:07  Hydralisk x4  
  69  9:11  Lurker Den  
  69  9:33  Hydralisk x3  
  69  9:37  Overlord x2  
  75  9:49  Overlord x2  
  75  9:54  Overlord  
  67  10:50  Zergling x4, Hydralisk x6  
  67  10:51  Hydralisk  
  67  10:55  Lurker x3  
  86  10:57  Zerg Missile Weapons Level 2  
  86  10:58  Zerg Melee Weapons Level 1  
  86  11:00  Hatchery, Extractor  
  86  11:03  Extractor  
  83  11:04  Overlord x2  
  82  11:45  Hydralisk x4  
  90  11:49  Muscular Augments  
  90  12:13  Zergling x6, Hydralisk  
  90  12:14  Zergling x2, Hydralisk x3  
  102  12:18  Baneling  
  102  12:19  Baneling x3  
  102  12:23  Drone x4  
  106  12:49  Baneling x3  
  101  13:14  Overseer x2  
  101  13:15  Pneumatized Carapace  
  101  13:17  Zergling x8, Hydralisk x2  
  101  13:18  Hydralisk x3  
  115  13:28  Hydralisk x3  
  121  13:35  Overlord x2  
  119  14:07  Zergling x10  
  119  14:08  Zergling x8  
  128  14:18  Hydralisk  
  116  14:44  Lurker x2  
  116  14:59  Zergling x8, Hydralisk x2  
  112  15:00  Hydralisk x4  
  112  15:06  Infestation Pit  
  112  15:48  Hive  
  74  16:29  Hydralisk x6  
  74  16:30  Zergling x2, Hydralisk  
  74  16:31  Zergling x4, Hydralisk x3  
  95  16:49  Zergling x6, Hydralisk  
  95  16:50  Zergling x2, Hydralisk x2  
  105  17:55  Viper x6  
  123  18:00  Zergling x10, Hydralisk x3  
  123  18:01  Hydralisk x2  
  123  18:02  Overlord x2  
  123  18:03  Overlord  
  136  18:44  Hydralisk x5  
  136  18:45  Hydralisk x7  
  135  19:36  Zergling x14  
  135  19:37  Zergling x4  
  111  20:40  Zergling x8, Hydralisk x5  
  124  20:54  Zergling x4  
  124  20:55  Zergling x2  
  127  21:04  Hatchery  
  126  21:05  Extractor  
  126  21:08  Extractor  
  110  21:54  Zergling x12, Hydralisk x2  
  112  21:55  Hydralisk x6  
  132  22:05  Extractor  
  132  22:07  Extractor  
  102  23:04  Zergling x10  
  102  23:05  Zergling x14  
  112  23:06  Zergling x6  
  73  24:07  Zergling x4  
  73  24:08  Zergling x14  
  62  24:37  Overlord, Zergling x6  
  62  24:38  Zergling x4  
  49  25:22  Hatchery  
  49  25:23  Hatchery  
  49  25:24  Zergling x8, Hydralisk  
  49  25:25  Hydralisk x3  
  54  25:47  Queen x2  
  60  26:06  Hatchery  
  54  26:26  Hydralisk x3  
  54  26:27  Hydralisk  
  54  26:28  Zergling x10  
  54  26:29  Zergling x2  
  59  27:12  Zergling x12  
  55  27:30  Drone x3  
  58  27:55  Drone x4  
  58  27:56  Drone x7  
  58  27:57  Drone x3  
  47  28:35  Hydralisk x5, Drone x3  
  47  28:36  Hydralisk x3  
  47  28:37  Zergling x10  
  47  28:38  Zergling x6  
  74  28:47  Extractor  
  74  28:48  Extractor  
  70  29:17  Zergling x8  
  70  29:18  Zergling x2, Hydralisk x4  
  83  29:29  Extractor  
  82  29:38  Drone x2  
  82  29:39  Drone x4  
  82  29:43  Drone x3  
  80  29:50  Baneling x3  
  80  29:51  Baneling x5  
  72  29:53  Zergling x4  
  72  29:54  Zergling x2, Hydralisk x2  
  72  29:56  Zergling x4  
  72  29:57  Zergling x6  
  76  30:17  Zergling x6  
  76  30:18  Zergling x4, Hydralisk x2  
  48  31:13  Zergling x8, Hydralisk x2  
  48  31:14  Hydralisk x3  
  62  31:27  Hydralisk  
  62  31:28  Hydralisk x2  
  68  31:34  Hatchery  
  67  31:52  Queen x2  
  51  32:16  Hatchery  
  42  32:25  Lurker x2  
  42  32:27  Lurker  
  42  32:28  Lurker  
  46  32:31  Zergling x8  
  46  32:32  Zergling x4  
  49  33:05  Zergling x8  
  51  33:06  Zergling x8  
  36  35:06  Zergling x2  
  38  35:07  Zergling x12  
Tags
 
Add a new tag
Caveats
  • Supply blocks, unpowered buildings, or Contaminate may cause inaccurate times.
  • Supply counts are checked every 10 seconds.